 Dungeon Crawl Stone Soup version 0.22-a0-252-gcace5d2 (webtiles) character file.

116 KristoblXynda the Chopper (level 4, -4/36 HPs)
             Began as a Draconian Gladiator on Mar 1, 2018.
             Slain by Grinder (7 damage)
             ... on level 3 of the Dungeon.
             The game lasted 00:03:23 (1771 turns).

KristoblXynda the Chopper (Draconian Gladiator)     Turns: 1771, Time: 00:03:24

Health: -4/36      AC:  5    Str: 16    XL:     4   Next: 69%
Magic:  4/4        EV: 13    Int: 10    God:
Gold:   84         SH:  0    Dex: 12    Spells: 3/3 levels left

rFire    . . .     SeeInvis .   a - +0 war axe
rCold    . . .     Gourm    .   (no shield)
rNeg     . . .     Faith    .   (armour unavailable)
rPois    .         Spirit   .   b - +0 hat
rElec    .         Reflect  .   (no cloak)
rCorr    .         Harm     .   (no gloves)
MR       .....                  (no boots)
Stlth    +.........             (no amulet)
HPRegen  0.12/turn              (no ring)
MPRegen  0.09/turn              (no ring)

@: no status effects
A: unfitting armour, cold-blooded, AC +5
a: no special abilities


You were on level 3 of the Dungeon.
You were not hungry.

You visited 1 branch of the dungeon, and saw 3 of its levels.

You collected 84 gold pieces.

Inventory:

Hand Weapons
 a - a +0 war axe (weapon)
Missiles
 c - a throwing net (quivered)
 m - 5 javelins
Armour
 b - a +0 hat (worn)
Scrolls
 f - a scroll of teleportation {unknown}
 g - a scroll of noise {unknown}
 i - 2 scrolls of remove curse {unknown}
 k - a scroll of immolation {unknown}
 l - a scroll of fog {unknown}
Potions
 e - a potion of resistance
Comestibles
 d - a ration


   Skills:
 - Level 2.1 Fighting
 * Level 4.7 Axes
 - Level 2.0 Throwing
 + Level 3.6 Dodging


You had 3 spell levels left.
You didn't know any spells.

Dungeon Overview and Level Annotations

Branches:
Dungeon (3/15)

Altars:
Uskayaw

Annotations:
D:3 Grinder; KristoblXynda's ghost, amateur DrGl


Innate Abilities, Weirdness & Mutations

Your plain brown scales are hard. (AC +5)
You cannot fit into any form of body armour.
You are cold-blooded and may be slowed by cold attacks.


Message History

You hit Grinder.
Grinder is lightly wounded.
Grinder struggles against the net.
You slash Grinder!
Grinder is moderately wounded.
Grinder blinks!
You see here a throwing net.
Grinder gestures at you. Pain shoots through your body! Grinder hits you!
* * * LOW HITPOINT WARNING * * *
You writhe in agony.
* * * LOW HITPOINT WARNING * * *
Throwing (i - inventory. (/) - cycle)
c - 2 throwing nets (quivered)
Press: ? - help, Shift-Dir - straight line, f/p - Grinder
Aim: Grinder (moderately wounded)
You throw a throwing net.
The throwing net closely misses Grinder.
Grinder hits you!
You die...

#...####.#
#........#
#.#..#..##
#......##
###.####
######.#####
...........(#
###########5#
#<##@# #.##.#
#.##(# #.##.#
#.##.# #.##.#
#(##.# #.##.#
#.##.#


You could see Grinder.

Vanquished Creatures
  Jessica (D:2)
  3 adders
  3 worms (D:2)
  2 dart slugs (D:1)
  A leopard gecko (D:2)
  3 giant cockroaches (D:1)
  4 goblins
  5 hobgoblins
  7 jackals
  A ball python (D:1)
  6 bats
  3 frilled lizards
  2 kobolds (D:1)
  7 rats
48 creatures vanquished.

Notes
Turn   | Place    | Note
-------+----------+-------------------------------------------
     0 | D:1      | KristoblXynda the Draconian Gladiator began the quest for the Orb.
     0 | D:1      | Reached XP level 1. HP: 17/17 MP: 1/1
    30 | D:1      | Reached XP level 2. HP: 17/24 MP: 2/2
   367 | D:1      | Reached XP level 3. HP: 27/29 MP: 3/3
   779 | D:2      | Reached skill level 4 in Axes
   842 | D:2      | Noticed Jessica
   847 | D:2      | Killed Jessica
   847 | D:2      | Reached XP level 4. HP: 36/36 MP: 4/4
  1356 | D:3      | Noticed KristoblXynda's ghost (amateur DrGl)
  1705 | D:3      | Found a hide-covered altar of Uskayaw.
  1705 | D:3      | Noticed a dagger
  1706 | D:3      | Noticed a dagger
  1720 | D:3      | Noticed Grinder
  1723 | D:3      | Paralysed by Grinder for 6 turns
  1759 | D:3      | Paralysed by Grinder for 6 turns
  1771 | D:3      | Slain by Grinder

Vault maps used:
D:1:      nicolae_arrival_washed_ashore
D:2:      uniq_jessica
D:3:      yredelemnul_altar_generic, dancing_weapons_uskayaw,
          makhleb_blood_cavern_becter, uniq_grinder

Skill      XL: |  1  2  3 |
---------------+----------+-----
Throwing       | 2 |  2.0
Dodging        | 3 |  3.6
Axes           | 4 |  4.7
Fighting       | |  2.1

Action                   |  1- 3 |  4- 6 || total
-------------------------+-------+-------++-------
Melee: War axe           |    79 |    33 ||   112
       Tailslap          |    10 |     4 ||    14
Throw: Throwing net      |       |     2 ||     2
  Use: Scroll            |       |     2 ||     2
       Potion            |       |     1 ||     1
 Stab: Sleeping          |     1 |       ||     1
  Eat: Ration            |       |     1 ||     1
       Chunk             |       |     1 ||     1
Armor: Skin              |    31 |    17 ||    48
Dodge: Dodged            |    68 |    27 ||    95

Table legend:
 A = Spawn XP
 B = Non-spawn XP
 C = Spawn XP percentage of total XP
 D = Spawn monster count
 E = Non-spawn monster count
 F = Spawn count percentage of total count
 G = Total turns spent on level
                    A         B        C        D         E        F      G
               +---------+---------+-------+---------+---------+-------+---------
         Total |       0 |     166 |   0.0 |       0 |      48 |   0.0 |  1771
               +---------+---------+-------+---------+---------+-------+---------
           D:1 |       0 |      44 |   0.0 |       0 |      25 |   0.0 |   614
           D:2 |       0 |     105 |   0.0 |       0 |      20 |   0.0 |  1024
           D:3 |       0 |      17 |   0.0 |       0 |       3 |   0.0 |   133
               +---------+---------+-------+---------+---------+-------+---------
